 Dungeon Crawl Stone Soup version 0.31-a0-151-ge443d1f16c (webtiles) character file.

Game seed: 15444299014318332568

556 qw the Skirmisher (level 7, -1/61 HPs)
             Began as a Minotaur Hunter on June 8, 2023.
             Slain by Pikel
             ... wielding a +2 whip of freezing
              (5 damage)
             ... on level 5 of the Dungeon.
             The game lasted 00:01:24 (3739 turns).

qw the Skirmisher (Minotaur Hunter)                 Turns: 3739, Time: 00:01:24

Health: -1/61      AC:  6    Str: 15    XL:     7   Next: 8%
Magic:  15/15      EV: 11    Int:  8    God:
Gold:   118        SH:  0    Dex: 14    Spells: 6/6 levels left

rFire   . . .        Y - +0 shortbow
rCold   . . .        (shield currently unavailable)
rNeg    + . .        g - +0 ring mail
rPois   +            (helmet restricted)
rElec   .            (no cloak)
rCorr   .            (no gloves)
SInv    +            h - +0 pair of boots
Will    .....        (no amulet)
Stlth   +            a - ring "Ykaevo" {rPois rN+ MP+9 Int-2}
HPRegen 0.30/turn    j - ring of see invisible
MPRegen 0.14/turn

%: no passive effects
@: about to teleport
A: horns 2, retaliatory headbutt, iridescent scales 1, clever 1, deformed body
a: no special abilities


You were on level 5 of the Dungeon.
You visited 1 branch of the dungeon, and saw 5 of its levels.

You collected 288 gold pieces.
You spent 170 gold pieces at shops.


Innate Abilities, Weirdness & Mutations

You have a pair of horns on your head.
You reflexively headbutt those who attack you in melee.
You are partially covered in iridescent scales. (AC +2)
Your mind is acute. (Int +4, Str/Dex -1)
Armour fits poorly on your strangely shaped body.


   Skills:
 - Level 5.2 Fighting
 + Level 8.1 Ranged Weapons
 - Level 2.0 Armour
 - Level 2.1 Dodging
 - Level 0.7 Stealth


You had 6 spell levels left.
You didn't know any spells.
Your spell library was empty.

Inventory:

Hand Weapons
 Y - a +0 shortbow (weapon)
Armour
 g - a +0 ring mail (worn)
 h - a +0 pair of boots (worn)
Jewellery
 a - the ring "Ykaevo" (left hand) {rPois rN+ MP+9 Int-2}
   (You found it on level 4 of the Dungeon)

   [ring of magical power]

   Int:       It affects your intelligence (-2).
   rPois:     It protects you from poison.
   rN:        It protects you from negative energy.
   MP:        It affects your magic capacity (+9).
 j - a ring of see invisible (right hand)
 l - the ring of Jymisugoir {rF+ MP+9}
   (You found it on level 4 of the Dungeon)

   [ring of magical power]

   rF:        It protects you from fire.
   MP:        It affects your magic capacity (+9).
Scrolls
 f - a scroll of fear {unknown}
 i - a scroll of identify
Potions
 b - 3 potions of heal wounds
 c - a potion of might
 d - 2 potions of curing
 e - a potion of mutation

Dungeon Overview and Level Annotations

Branches:
Dungeon (5/15)
 Temple: D:4-7

Altars:
Fedhas
Gozag
Hepliaklqana
Nemelex Xobeh
Xom

Shops:
D:4 !

Annotations:
D:5 Pikel


Message History

You shoot an arrow. The lemure shouts!
The arrow hits the lemure.
The lemure is moderately wounded.
You shoot an arrow. The arrow hits Pikel!
Pikel is lightly wounded.
A lemure comes into view.
You shoot an arrow. The arrow hits the lemure.
The lemure is heavily wounded.
The lemure completely misses you.
Pikel says, "You'll make a fine lemure."
Pikel misses you. You furiously retaliate!
You headbutt Pikel. You shoot an arrow. The arrow closely misses the lemure.
Pikel hits you but does no damage. The lemure barely misses you.
You shoot an arrow. The arrow barely misses the lemure.
The lemure hits you.
Pikel hits you with a +2 whip of freezing!
Pikel freezes you.
You shoot an arrow. The arrow hits the lemure.
The lemure is heavily wounded.
The lemure hits you.
Pikel hits you with a +2 whip of freezing.
Pikel freezes you.
You shoot an arrow. The arrow hits the lemure.
The lemure is heavily wounded.
Pikel hits you with a +2 whip of freezing!
Pikel freezes you. The lemure barely misses you. You furiously retaliate!
You headbutt the lemure. You shoot an arrow.
The arrow hits the lemure but does no damage.
The lemure is heavily wounded.
The lemure hits you.
Pikel hits you with a +2 whip of freezing!
Pikel freezes you.
3739 ||| READING scroll of teleportation.
As you read the scroll of teleportation, it crumbles to dust.
You feel strangely unstable. The lemure hits you but does no damage.
Pikel hits you with a +2 whip of freezing.
You die...

##########
#........#
#........#
#........#
#........## #
#.........# .+
#.........##5####'
#######...#55.....
#...@K# ##....##
#########.....>#
#.........#.##.#
#.........._...#
#.........#.##.#
#............#.#
#..........#.#.#
#..........#'#


You could see Pikel and 3 lemures.

Vanquished Creatures
  2 black bears
  A jelly (D:4)
  2 hounds (D:5)
  A gnoll bouda (D:5)
  2 iguanas
  A sleepcap (D:4)
  3 gnolls
  4 adders
  A worm (D:4)
  6 dart slugs
  4 orcs
  7 bats
  4 endoplasms
  A giant cockroach (D:2)
  10 goblins
  13 hobgoblins
  5 jackals
  5 kobolds
  6 ball pythons
  2 frilled lizards
  6 rats
86 creatures vanquished.

Notes
Turn   | Place    | Note
-------+----------+-------------------------------------------
     0 | D:1      | qw the Minotaur Hunter began the quest for the Orb.
     0 | D:1      | Reached XP level 1. HP: 18/18 MP: 0/0
     0 | D:1      | 0 ||| qw: Version: 0.2-a-120-gdf1a93b
     0 | D:1      | 0 ||| qw: Game counter: 3047
     0 | D:1      | 0 ||| qw: Always use a shield: true
     0 | D:1      | 0 ||| qw: God list: Okawaru
     0 | D:1      | 0 ||| qw: Allow faded altars: false
     0 | D:1      | 0 ||| qw: Do Orc after D:15 true
     0 | D:1      | 0 ||| qw: Do second Lair branch before Depths: true
     0 | D:1      | 0 ||| qw: Lair rune preference: random
     0 | D:1      | 0 ||| qw: Plans: Normal
     0 | D:1      | 0 ||| PLANNING D:1-11
   103 | D:1      | Reached XP level 2. HP: 25/25 MP: 1/1
   143 | D:1      | Reached skill level 5 in Ranged Weapons
   274 | D:1      | Reached skill level 3 in Fighting
   353 | D:1      | Reached XP level 3. HP: 31/31 MP: 2/2
   446 | D:1      | Found a faded altar of an unknown god.
   742 | D:1      | 742 ||| UPGRADING to +0 ring mail.
   752 | D:1      | 752 ||| DROPPING +0 leather armour.
   753 | D:1      | 753 ||| UPGRADING to +0 pair of boots.
   758 | D:1      | 758 ||| READING 2 scrolls labelled NUOQUELUSSO.
   761 | D:1      | 761 ||| READING 2 scrolls labelled JEMUXZU ZUFUZIF.
   762 | D:1      | 762 ||| READING scroll labelled UCKIEC PIES.
   763 | D:1      | 763 ||| DRINKING 2 pink potions.
   763 | D:1      | Gained mutation: You are partially covered in iridescent
                  | scales. (AC +2) [potion of mutation]
   763 | D:1      | Gained mutation: Armour fits poorly on your strangely
                  | shaped body. [potion of mutation]
   763 | D:1      | Gained mutation: Your mind is acute. (Int +4, Str/Dex -1)
                  | [potion of mutation]
   764 | D:1      | 764 ||| DROPPING scroll of butterflies.
   925 | D:2      | Reached skill level 1 in Armour
  1439 | D:2      | 1439 ||| DRINKING 2 viscous clear potions.
  1440 | D:2      | 1440 ||| READING 2 scrolls of identify.
  1440 | D:2      | 1440 ||| IDENTIFYING black potion
  1441 | D:2      | 1441 ||| DROPPING potion of brilliance.
  1461 | D:3      | Noticed a black bear
  1471 | D:3      | HP: 7/31 [black bear (4)]
  1472 | D:3      | 1472 ||| READING scroll of teleportation.
  1473 | D:3      | Killed a black bear
  1474 | D:3      | Reached skill level 6 in Ranged Weapons
  1474 | D:3      | Reached XP level 4. HP: 6/38 MP: 3/3
  1474 | D:3      | Reached XP level 5. HP: 7/45 MP: 4/4
  1829 | D:3      | Found a shimmering altar of Xom.
  2086 | D:3      | Found a hazy altar of Hepliaklqana.
  2202 | D:3      | Found a sparkling altar of Nemelex Xobeh.
  2434 | D:3      | 2434 ||| READING scroll labelled QEFIDW IN TESCH.
  2435 | D:3      | 2435 ||| READING scroll labelled UTSU HIS SAXAVO.
  2436 | D:3      | 2436 ||| READING 2 scrolls of identify.
  2436 | D:3      | 2436 ||| IDENTIFYING puce potion
  2437 | D:3      | 2437 ||| DROPPING potion of berserk rage.
  2505 | D:4      | 2505 ||| STAIRDANCE
  2608 | D:4      | Identified the ring "Ykaevo" {rPois rN+ MP+9 Int-2}
  2688 | D:4      | Reached skill level 7 in Ranged Weapons
  2802 | D:4      | Found Xyxkud's Distillery.
  2809 | D:4      | 2809 ||| UPGRADING to ring "Ykaevo" {rPois rN+ MP+9 Int-2}.
  2810 | D:4      | 2810 ||| READING 2 scrolls of identify.
  2810 | D:4      | 2810 ||| IDENTIFYING sapphire potion
  2811 | D:4      | 2811 ||| DROPPING potion of magic.
  2880 | D:4      | 2880 ||| STAIRDANCE
  2892 | D:4      | 2892 ||| BUYING potion of curing (30 gold).
  2892 | D:4      | Bought a potion of curing for 30 gold pieces
  2892 | D:4      | 2892 ||| BUYING potion of heal wounds (50 gold).
  2892 | D:4      | Bought a potion of heal wounds for 50 gold pieces
  2892 | D:4      | 2892 ||| BUYING potion of heal wounds (50 gold).
  2892 | D:4      | Bought a potion of heal wounds for 50 gold pieces
  2892 | D:4      | 2892 ||| BUYING potion of might (40 gold).
  2892 | D:4      | Bought a potion of might for 40 gold pieces
  2892 | D:4      | 2892 ||| SHOPLISTING potion of mutation (80 gold, have 61).
  3003 | D:4      | Reached XP level 6. HP: 52/52 MP: 5/5
  3018 | D:4      | Found an opulent altar of Gozag.
  3055 | D:4      | Reached skill level 8 in Ranged Weapons
  3193 | D:4      | Identified the ring of Jymisugoir {rF+ MP+9}
  3459 | D:4      | 3459 ||| UPGRADING to ring of see invisible.
  3460 | D:4      | 3460 ||| READING scroll labelled ACYUNIDGHEV.
  3461 | D:4      | 3461 ||| READING 3 scrolls of identify.
  3461 | D:4      | 3461 ||| IDENTIFYING lumpy blue potion
  3462 | D:4      | 3462 ||| READING 2 scrolls of identify.
  3462 | D:4      | 3462 ||| IDENTIFYING sedimented dark potion
  3463 | D:4      | 3463 ||| DROPPING potion of lignification.
  3464 | D:4      | 3464 ||| DROPPING potion of degeneration.
  3481 | D:5      | Entered Level 5 of the Dungeon
  3544 | D:5      | 3544 ||| Stepping ~*~*~tactically~*~*~ (outnumbered).
  3670 | D:5      | Reached XP level 7. HP: 50/61 MP: 6/6
  3710 | D:5      | Found a blossoming altar of Fedhas.
  3726 | D:5      | Noticed Pikel
  3738 | D:5      | HP: 9/61 [Pikel/+2 whip of freezing (11)]
  3738 | D:5      | HP: 3/61 [Pikel/+2 whip of freezing (6)]
  3739 | D:5      | 3739 ||| READING scroll of teleportation.
  3739 | D:5      | Slain by Pikel

Levels and vault maps discovered:
D:1:      wheals_arrival_shading, layout_loops_ring,
          shapermc_ecumenical_altar_hornbeckon
D:2:      layout_loops_ring
D:3:      layout_basic, mainiacjoe_overflow_cross_hatched,
          nicolae_overflow_hidden_temple, nemelex_altar_shiori, minmay_unequal
D:4:      layout_basic, nicolae_gozag_cash_rules_everything_around_me,
          serial_shops, shop, serial_rivers, chequers_serial_rivers_micro_d,
          chequers_serial_rivers_micro_d, chequers_serial_rivers_small_a,
          chequers_serial_rivers_micro_e, chequers_serial_rivers_large_a
D:5:      kennysheep_six_static_rooms, layout_basic,
          mainiacjoe_overflow_six_doors_small, lemuel_crystal_altar,
          old_standard_altar, minmay_temple_entry_purple_smoke, minivault_11,
          uniq_sigmund, uniq_duvessa, uniq_pikel

Skill      XL: |  1  2  3  4  5  6 |
---------------+-------------------+-----
Ranged Weapons | 5 6 7 8 |  8.1
Fighting       | 3 4 5 |  5.2
Armour         | 1 2 |  2.0
Dodging        | |  2.1
Stealth        | |  0.7

Action                     |  1- 3 |  4- 6 |  7- 9 || total
---------------------------+-------+-------+-------++-------
   Fire: Shortbow          |   115 |   205 |    20 ||   340
    Use: Scroll            |     5 |     7 |     1 ||    13
         Potion            |     2 |       |       ||     2
 Armour: Leather armour    |     6 |       |       ||     6
         Ring mail         |    10 |    28 |     3 ||    41
  Dodge: Dodged            |    16 |    76 |     4 ||    96

Table legend:
 A = Non-vault XP
 B = Vault XP
 C = Vault XP percentage of total XP
 D = Non-vault monster count
 E = Vault monster count
 F = Vault count percentage of total count
                 A         B        C        D         E       F
            +---------+---------+-------+---------+---------+-------
      Total |     795 |       0 |   0.0 |      86 |       0 |   0.0
            +---------+---------+-------+---------+---------+-------
        D:1 |      67 |       0 |   0.0 |      27 |       0 |   0.0
        D:2 |      28 |       0 |   0.0 |      10 |       0 |   0.0
        D:3 |     199 |       0 |   0.0 |      21 |       0 |   0.0
        D:4 |     309 |       0 |   0.0 |      22 |       0 |   0.0
        D:5 |     192 |       0 |   0.0 |       6 |       0 |   0.0
            +---------+---------+-------+---------+---------+-------
